 Dungeon Crawl Stone Soup version 0.26-a0-690-gcb57259078 (webtiles) character file.

Game seed: 9697059992444092811

242 Peloso the Shield-Bearer (level 5, -5/47 HPs)
             Began as a Minotaur Fighter on Oct 24, 2020.
             Killed by divine providence
             ... invoked by an orc priest
              (16 damage)
             ... on level 3 of the Dungeon.
             The game lasted 00:03:49 (1759 turns).

Peloso the Shield-Bearer (Minotaur Fighter)         Turns: 1759, Time: 00:03:51

Health: -5/47      AC: 10    Str: 20    XL:     5   Next: 81%
Magic:  4/4        EV:  6    Int:  5    God:
Gold:   100        SH:  9    Dex: 11    Spells: 4/4 levels left

rFire    . . .     SeeInvis .   a - +0 long sword
rCold    . . .     Faith    .   c - +0 kite shield
rNeg     . . .     Spirit   .   h - +0 chain mail
rPois    .         Reflect  .   (helmet restricted)
rElec    .         Harm     .   (no cloak)
rCorr    .         Rampage  .   o - +0 pair of gloves
MR       .....                  (no boots)
Stlth    ..........             (no amulet)
HPRegen  0.15/turn              (no ring)
MPRegen  0.09/turn              (no ring)

@: no status effects
A: retaliatory headbutt, horns 2
a: no special abilities


You were on level 3 of the Dungeon.
You visited 1 branch of the dungeon, and saw 3 of its levels.

You collected 100 gold pieces.

Inventory:

Hand Weapons
 a - a +0 long sword (weapon)
Armour
 b - a +0 scale mail
 c - a +0 kite shield (worn)
 h - a +0 chain mail (worn)
 o - a +0 pair of gloves (worn)
Scrolls
 d - a scroll of amnesia {unknown}
 e - 7 scrolls of remove curse {unknown}
 g - a scroll of fear {unknown}
 i - a scroll of noise {unknown}
 k - 4 scrolls of random uselessness {unknown}
 l - 4 scrolls of teleportation {unknown}
 m - 2 scrolls of identify {unknown}
Potions
 f - 2 potions of degeneration {unknown}
 j - a potion of curing


   Skills:
 + Level 4.8 Fighting
 + Level 4.7 Long Blades
 + Level 4.6 Armour
 + Level 1.1 Dodging
 + Level 0.2 Stealth
 + Level 4.9 Shields


You had 4 spell levels left.
You didn't know any spells.
Your spell library was empty.

Dungeon Overview and Level Annotations

Branches:
Dungeon (3/15)

Altars:


Innate Abilities, Weirdness & Mutations

You reflexively headbutt those who attack you in melee.
You have a pair of horns on your head.


Message History

You see here a +0 whip.
The orc priest mumbles some strange prayers to Beogh against you.
Pain shoots through your body!
The orc priest calls down the wrath of Beogh upon you.
Pain shoots through your body!
The orc priest hits you but does no damage.
You hit the orc priest but do no damage.
The orc priest calls down the wrath of Beogh upon you.
Pain shoots through your body!
You slash the orc priest!
The orc priest is heavily wounded.
The orc priest hits you but does no damage.
Your shield prevents you from hitting the orc priest.
The orc priest is heavily wounded.
The orc priest mumbles some strange prayers to Beogh against you.
Beogh smites you!
* * * LOW HITPOINT WARNING * * *
The orc priest mumbles some strange prayers to Beogh against you.
Beogh smites you!
You die...

#.. #.#
######)####
#..).ol...#
#.####.......#
#l# #.##.#..#
#o# #.. ....#
#o# #.## ..o.
#@# #.# #.##
#.# #.# .# #.#
... # ###.#
#...# #.###
###.####
#......#
#.#.##.#


You could see an orc priest, an orc and a leopard gecko.

Vanquished Creatures
  Sigmund (D:2)
  An adder (D:2)
  4 worms (D:2)
  2 dart slugs
  A leopard gecko (D:2)
  An orc (D:3)
  8 bats
  13 hobgoblins
  4 jackals (D:2)
  6 kobolds
  A quokka (D:2)
  5 frilled lizards
  3 goblins
  2 rats
52 creatures vanquished.

Notes
Turn   | Place    | Note
-------+----------+-------------------------------------------
     0 | D:1      | Peloso the Minotaur Fighter began the quest for the Orb.
     0 | D:1      | Reached XP level 1. HP: 19/19 MP: 0/0
   199 | D:1      | Reached XP level 2. HP: 27/27 MP: 1/1
   924 | D:2      | Reached XP level 3. HP: 33/33 MP: 2/2
  1236 | D:2      | Noticed Sigmund
  1265 | D:2      | Killed Sigmund
  1265 | D:2      | Reached skill level 1 in Dodging
  1265 | D:2      | Reached XP level 4. HP: 26/41 MP: 3/3
  1265 | D:2      | Reached XP level 5. HP: 30/47 MP: 4/4
  1759 | D:3      | Killed from afar by an orc priest

Illustrated notes

Levels and vault maps discovered:
D:1:      giann_forest_graveyard, layout_basic, nrook_mini_backslash
D:2:      layout_rooms, uniq_sigmund
D:3:      layout_loops_cross, grunt_decor_cap, bh_walls_and_bars

Skill      XL: |  1  2  3 |
---------------+----------+-----
Fighting       | 4 |  4.8
Armour         | 4 |  4.6
Shields        | 4 |  4.9
Long Blades    | 4 |  4.7
Dodging        | 1 |  1.1
Stealth        | |  0.2

Action                   |  1- 3 |  4- 6 || total
-------------------------+-------+-------++-------
Melee: Long sword        |   110 |    17 ||   127
       Headbutt          |    17 |     2 ||    19
  Use: Potion            |     1 |     5 ||     6
Armor: Scale mail        |     8 |       ||     8
       Chain mail        |   102 |     6 ||   108
Dodge: Dodged            |    44 |     4 ||    48
Block: Kite shield       |    97 |     5 ||   102
       Rpst.: Long sword |    16 |     2 ||    18

Table legend: (Time is in decaauts)
 A = Elapsed time spent in this place.
 B = Non-inter-level travel time spent in this place.
 C = Inter-level travel time spent in this place.
 D = Time resting spent in this place.
 E = Time spent auto-exploring this place.
 F = Levels seen in this place.
 G = Mean time per level.
                   A        B        C        D        E       F      G
               +--------+--------+--------+--------+--------+-----+--------+
         Total |   1799 |   1762 |     37 |     37 |   1285 |   3 |  599.7 |
       Dungeon |   1799 |   1762 |     37 |     37 |   1285 |   3 |  599.7 |
               +--------+--------+--------+--------+--------+-----+--------+

Top non-repeatable levels by time:
     D:2: 933 daAuts
     D:1: 804 daAuts
     D:3: 62 daAuts
